 Dungeon Crawl Stone Soup version 0.29-a0-275-g389c0b56f3 (webtiles) character file.

Game seed: 4494987328530701406

56 jmlagarto the Skirmisher (level 3, -1/33 HPs)
             Began as a Minotaur Abyssal Knight on Mar 10, 2022.
             Was a Priest of Lugonu.
             Shot with a sling bullet by a goblin (6 damage)
             ... led by Robin
             ... on level 2 of the Dungeon.
             The game lasted 00:03:54 (1929 turns).

jmlagarto the Skirmisher (Minotaur Abyssal Knight)  Turns: 1929, Time: 00:03:54

Health: -1/33      AC:  3    Str: 16 (19) XL:     3   Next: 71%
Magic:  3/3        EV: 11    Int:  5 (7)  God:    Lugonu [***...]
Gold:   82         SH:  0    Dex:  8 (10) Spells: 2/2 levels left

rFire   . . .      SeeInvis .   a - +1 hand axe
rCold   . . .      Faith    .   (no shield)
rNeg    . . .      Spirit   .   b - +0 leather armour
rPois   .          Reflect  .   (helmet restricted)
rElec   .          Harm     .   (no cloak)
rCorr   .          Rampage  .   (no gloves)
Will    .....                   (no boots)
Stlth   +.........              (no amulet)
HPRegen 0.11/turn               (no ring)
MPRegen 0.08/turn               (no ring)

@: no status effects
A: horns 2, retaliatory headbutt
a: Renounce Religion, Depart the Abyss, Bend Space, Banish


You were on level 2 of the Dungeon.
You worshipped Lugonu.
Lugonu was most pleased with you.
You visited 1 branch of the dungeon, and saw 2 of its levels.
You visited the Abyss 1 time.

You collected 82 gold pieces.

Inventory:

Hand Weapons
 a - a +1 hand axe (weapon)
 e - a +2 short sword of venom
Missiles
 d - 84 stones
Armour
 b - a +0 leather armour (worn)
 g - a +0 pair of gloves
Potions
 f - a potion of haste


   Skills:
 + Level 4.2 Fighting
 + Level 3.0 Axes
 + Level 3.0 Armour
 + Level 2.0 Dodging
 + Level 2.3 Invocations


You had 2 spell levels left.
You didn't know any spells.
Your spell library contained the following spells:

 Spells                   Type           Power      Damage    Failure   Level
 Beastly Appendage        Tmut           0%         N/A       54%         1
 Wereblood                Tmut           0%         N/A       67%         2
 Spider Form              Tmut/Pois      0%         N/A       88%         3
 Stone Arrow              Conj/Erth      0%         3d7       88%         3
 Animate Armour           Summ/Erth      0%         N/A       99%         4
 Lehudib's Crystal Spear  Conj/Erth      0%         10d2      100%        8


Dungeon Overview and Level Annotations

Branches:
Dungeon (2/15)

Altars:

Shops:
D:2 [

Annotations:
D:2 Robin


Innate Abilities, Weirdness & Mutations

You have a pair of horns on your head.
You reflexively headbutt those who attack you in melee.


Message History

You kill the goblin!
Lugonu accepts your kill.
The goblin shoots a sling bullet.
The sling bullet hits you.
The goblin shoots a sling bullet.
The sling bullet hits you.
There is an entrance to Kolirown's Antique Armour Emporium here.
You see here a +0 club.
Robin roars a battlecry!
A goblin comes into view. It is wielding a +0 dagger.
The goblin shoots a sling bullet.
The sling bullet closely misses you.
You hear a shout! x2
As you read the scroll labelled QUPIAH LOOTAAM, it crumbles to dust.
You assume a fearsome visage.
Nothing appears to happen.
It was a scroll of fear.
A goblin comes into view. It is wielding a +0 dagger.
The goblin unwields a +0 hunting sling.
The goblin wields a +0 dagger.
The goblin hits you with a +0 dagger.
You hit the goblin.
The goblin is moderately wounded.
You hit the hobgoblin.
The goblin no longer looks unusually strong.
The hobgoblin hits you.
* * * LOW HITPOINT WARNING * * *
A goblin comes into view. It is wielding a +0 club.
The goblin hits you with a +0 dagger.
* * * LOW HITPOINT WARNING * * *
You hit the hobgoblin.
You kill the hobgoblin!
Lugonu accepts your kill.
The goblin unwields a +0 dagger.
The goblin wields a +0 hunting sling.
The goblin shoots a sling bullet.
The sling bullet hits you.
* * * LOW HITPOINT WARNING * * *
As you read the scroll labelled LOITUSTR PECVISM, it crumbles to dust.
It is a scroll of identify.
f - a potion of haste The goblin shoots a sling bullet.
The sling bullet closely misses you.
It was a potion of degeneration.
There was something very wrong with that liquid.
You feel weakened.
You feel dopey.
You feel clumsy.
The goblin shoots a sling bullet.
The sling bullet hits you.
You die...

###....####.##.#
#.......####.
..........#.##.#
##.......####.
...............#
#........##...
..........#.#..#
#.....†..##.#.
##..........#..#
#........##.#.
......#.#####..#
#........)....
.#......# #..#
#.#########.##
.#....#.# #..#####.#
#.# .#......#
#..†@÷...# #.#
.#.#.##.# ##g########
#.# .#.#.##.#
#.∩g).gg.# #.#
..†.....#############g#
#.# #............# .#
#..#########.#
#..###### #.#
........####.#
#..####.##...#


You could see a goblin (strong).

Vanquished Creatures
  A worm (D:2)
  4 dart slugs
  4 ball pythons
  3 bats
  2 endoplasms (D:1)
  2 giant cockroaches (D:1)
  6 goblins
  5 hobgoblins
  3 kobolds
  4 quokkas
  4 frilled lizards
  3 rats
41 creatures vanquished.

Notes
Turn   | Place    | Note
-------+----------+-------------------------------------------
     0 | Abyss:1  | jmlagarto the Minotaur Abyssal Knight began the quest for
                  | the Orb.
     0 | Abyss:1  | Reached XP level 1. HP: 19/19 MP: 1/1
    10 | D:1      | Escaped the Abyss
   203 | D:1      | Reached XP level 2. HP: 13/27 MP: 2/2
   912 | D:1      | Reached skill level 4 in Fighting
   921 | D:1      | Reached XP level 3. HP: 33/33 MP: 3/3
   955 | D:1      | Reached *** piety under Lugonu
  1902 | D:2      | Found Kolirown's Antique Armour Emporium.
  1911 | D:2      | Noticed Robin
  1929 | D:2      | Shot with a sling bullet by a goblin

Illustrated notes

Levels and vault maps discovered:
D:1:      tarquinn_simple_flora_water_b, layout_basic
D:2:      layout_loops_cross, serial_shops, shop, uniq_crazy_yiuf_cottage,
          uniq_jessica, uniq_robin

Skill      XL: |  1  2  3 |
---------------+----------+-----
Invocations    | 2 |  2.3
Fighting       | 4 |  4.2
Axes           | 3 |  3.0
Armour         | 3 |  3.0
Dodging        | 2 |  2.0

Action                   || total
-------------------------++-------
Melee: Hand axe          ||    71
       Headbutt          ||    11
  Use: Scroll            ||     2
       Potion            ||     1
Armor: Leather armour    ||    18
Dodge: Dodged            ||    35

Table legend: (Time is in decaauts)
 A = Elapsed time spent in this place.
 B = Non-inter-level travel time spent in this place.
 C = Inter-level travel time spent in this place.
 D = Time resting spent in this place.
 E = Time spent auto-exploring this place.
 F = Levels seen in this place.
 G = Mean time per level.
                   A        B        C        D        E       F      G
               +--------+--------+--------+--------+--------+-----+--------+
         Total |   1941 |   1872 |     69 |      0 |   1535 |   3 |  647.0 |
       Dungeon |   1931 |   1862 |     69 |      0 |   1534 |   2 |  965.5 |
         Abyss |     10 |     10 |      0 |      0 |      1 |   1 |   10.0 |
               +--------+--------+--------+--------+--------+-----+--------+

Top non-repeatable levels by time:
     D:1: 1433 daAuts
     D:2: 497 daAuts
 Abyss:1: 10 daAuts
